 Dungeon Crawl Stone Soup version 0.29-a0-664-gff9cad4a3d (webtiles) character file.

Game seed: 269886285371505145

5941 frimble the Covert (level 11, -6/92 HPs)
             Began as a Formicid Wanderer on June 22, 2022.
             Was a Priest of Ashenzari.
             Mangled by Snorg (15 damage)
             ... on level 10 of the Dungeon.
             The game lasted 00:17:23 (12021 turns).

frimble the Covert (Formicid Wanderer)             Turns: 12021, Time: 00:17:24

Health: -6/92      AC:  7    Str: 20    XL:     11   Next: 9%
Magic:  0/16       EV: 16    Int: 14    God:    Ashenzari [***...]
Gold:   653        SH:  0    Dex: 12    Spells: 9/16 levels left

rFire   . . .      SeeInvis +   f - +3 dagger "Restrained Vision" {protect, Cun, Bglg} (curse)
rCold   . . .      Faith    .   (no shield)
rNeg    . . .      Spirit   +   x - +0 steam dragon scales of the Astrological Sky {Self, Alch} (curse)
rPois   +          Reflect  .   (helmet unavailable)
rElec   .          Harm     .   u - +0 cloak {rPois}
rCorr   .          Rampage  .   d - +0 pair of gloves
Will    .....      Clarity  +   (no boots)
Stlth   +++++.....              r - amulet "Sun of the Cursed Sage" {Spirit, Comp, Elem} (curse)
HPRegen 0.25/turn               i - ring of the Unveiling Vision {EV+4, Elem, Fort} (curse)
MPRegen 0.15/turn               t - ring of the Cryptic Sphere {Wiz, Fort, Bglg} (curse)

@: weak-willed
A: permanent stasis, dig shafts and tunnels, antennae 3, four strong arms
a: Dig, Shaft Self, Renounce Religion, Shatter the Chains


You were on level 10 of the Dungeon.
You worshipped Ashenzari.
Ashenzari was most pleased with you.
You visited 2 branches of the dungeon, and saw 12 of its levels.

You collected 653 gold pieces.

Inventory:

Hand Weapons
 f - the cursed +3 dagger "Restrained Vision" (weapon) {protect, Cun, Bglg}
   (You found it on level 1 of the Dungeon)

   It grants its wielder temporary protection when it strikes (+7 to AC).
   It has a curse which improves the following skills: Cunning: Dodging and
   Stealth.
   Beguiling: Conjurations, Hexes and Translocations.
 I - a +0 falchion of flaming
Missiles
 h - 10 javelins
 E - 8 poisoned darts
Armour
 d - a +0 pair of gloves (worn)
 u - a +0 cloak of poison resistance (worn)
 x - the cursed +0 steam dragon scales of the Astrological Sky (worn) {Self, Alch}
   (You found it on level 8 of the Dungeon)

   It has a curse which improves the following skills: Introspection: Fighting
   and Spellcasting.
   Alchemy:   Poison Magic and Transmutations.
Jewellery
 i - the cursed ring of the Unveiling Vision (left hand) {EV+4, Elem, Fort}
   (You found it on level 1 of the Dungeon)

   [ring of evasion]

   EV:        It affects your evasion (+4).
   It has a curse which improves the following skills: Elements: Fire Magic, Ice
   Magic, Air Magic and Earth Magic.
   Fortitude: Armour and Shields.
 r - the cursed amulet "Sun of the Cursed Sage" (around neck) {Spirit, Comp, Elem}
   (You found it on level 4 of the Dungeon)

   [amulet of guardian spirit]

   It causes incoming damage to be divided between your reserves of health and
   magic.
   It has a curse which improves the following skills: Companions: Summonings
   and Necromancy.
   Elements:  Fire Magic, Ice Magic, Air Magic and Earth Magic.
 s - a ring of fire
 t - the cursed ring of the Cryptic Sphere (right hand) {Wiz, Fort, Bglg}
   (You found it on level 6 of the Dungeon)

   [ring of wizardry]

   It improves your spell success rate.
   It has a curse which improves the following skills: Fortitude: Armour and
   Shields.
   Beguiling: Conjurations, Hexes and Translocations.
 y - an amulet of magic regeneration
 F - a +6 ring of strength
Wands
 c - a wand of acid (6)
 j - a wand of mindburst (2)
 z - a wand of iceblast (1)
 H - a wand of polymorph (4)
Scrolls
 a - 6 scrolls of identify
 b - a scroll of vulnerability
 g - 4 scrolls of silence
 C - a scroll of enchant weapon
 D - a scroll of fear
 G - a scroll of fog
Potions
 e - 2 potions of mutation
 k - 2 potions of lignification
 l - a potion of haste
 m - 3 potions of curing
 n - a potion of degeneration
 o - 2 potions of attraction
 p - a potion of flight
 v - 2 potions of magic
 w - 2 potions of resistance
 A - 2 potions of ambrosia
 B - a potion of cancellation


   Skills:
 + Level 8.8(10.5) Fighting
 + Level 8.1 Short Blades
 - Level 1.1(2.5) Armour
 - Level 1.0(1.9) Dodging
 + Level 10.3(11.9) Stealth
 - Level 2.1(3.4) Spellcasting
 + Level 3.2(4.6) Transmutations
 - Level 7.2(9.7) Earth Magic
 + Level 5.3 Evocations


You had 9 spell levels left.
You knew the following spells:

 Your Spells              Type           Power      Damage    Failure   Level
a - Sandblast             Erth           58%        2d13      1%          1
b - Passwall              Tmut/Erth      18%        N/A       1%          2
c - Petrify               Tmut/Erth      22%        N/A       4%          4

Your spell library contained the following spells:

 Spells                   Type           Power      Damage    Failure   Level
 Wereblood                Tmut           15%        N/A       1%          2
 Foxfire                  Conj/Fire      12%        2x1d4     8%          1
 Magic Dart               Conj           12%        1d3       8%          1
 Call Imp                 Summ           2%         N/A       12%         2
 Conjure Flame            Conj/Fire      3%         6-21      21%         3
 Inner Flame              Hex/Fire       3%         N/A       21%         3
 Lesser Beckoning         Tloc           3%         N/A       21%         3
 Mephitic Cloud           Conj/Pois/Air  3%         N/A       22%         3
 Summon Guardian Golem    Hex/Summ       3%         N/A       22%         3
 Flame Wave               Conj/Fire      3%         2d4       54%         4
 Manifold Assault         Tloc           3%         N/A       86%         5
 Orb of Destruction       Conj           1%         9d5       100%        7
 Spellforged Servitor     Conj/Summ      1%         N/A       100%        7
 Blink                    Tloc           Unusable   N/A       N/A         2

Dungeon Overview and Level Annotations

Branches:
Dungeon (11/15)            Temple (1/1) D:6             Orc (0/2) D:9
   Lair: D:8-11

Altars:
Ashenzari
Cheibriados
Dithmenos
Elyvilon
Fedhas
Gozag
Hepliaklqana
Makhleb
Nemelex Xobeh
Okawaru
Qazlal
Ru
Sif Muna
Trog
Uskayaw
Vehumet
Wu Jian
Xom
Yredelemnul
Zin
The Shining One

Shops:
D:9 :

Annotations:
D:8 1 exclusion
D:9 1 exclusion
D:10 Josephine, Snorg


Innate Abilities, Weirdness & Mutations

You cannot be hasted, slowed, berserked, paralysed or teleported.
You can dig through walls and to a lower floor.
You have a pair of large antennae on your head. (SInv)
Your four strong arms can wield two-handed weapons with a shield.


Message History

Snorg barely resists.
Aiming: Mindburst
Press: ? - help, Shift-Dir - straight line, f/p - Snorg
Aim: Snorg (weak-willed, chance to affect: 76%) Snorg's mind is blasted!!
Snorg goes berserk!
A wraith comes into view. x2
Aiming: Mindburst
Press: ? - help, Shift-Dir - straight line, f/p - Snorg
Aim: Snorg (lightly wounded, berserk, weak-willed, chance to affect: 76%) Snorg's mind is blasted!!
Snorg bites you!! Snorg claws you! Snorg claws you but does no damage.
Aiming: Mindburst
Press: ? - help, Shift-Dir - straight line, f/p - Snorg
Aim: Snorg (moderately wounded, berserk, weak-willed, chance to affect: 76%) Snorg's mind is blasted!
Snorg barely misses you. Snorg closely misses you. Snorg barely misses you.
A wraith comes into view.
Aiming: Mindburst
Press: ? - help, Shift-Dir - straight line, f/p - Snorg
Aim: Snorg (moderately wounded, berserk, weak-willed, chance to affect: 76%) Snorg's mind is blasted!!
Snorg bites you!! Snorg misses you. Snorg closely misses you.
Josephine the Decaying Necromancer comes into view.
She is wielding a +0 dagger of venom and wearing a +2 robe of positive energy.
Snorg bites you! Snorg claws you!
* * * LOW HITPOINT WARNING * * *
Snorg claws you!
* * * LOW HITPOINT WARNING * * *
Aiming: Mindburst
Press: ? - help, Shift-Dir - straight line, f/p - Snorg
Aim: Snorg (heavily wounded, berserk, weak-willed, chance to affect: 76%) Snorg barely resists.
Snorg completely misses you. Snorg claws you!
* * * LOW HITPOINT WARNING * * *
Snorg claws you but does no damage.
Josephine drinks a potion.
Josephine flickers and vanishes for a moment.
Okay, then.
Okay, then.
Unknown command.
Are you sure you want to shaft yourself?
Snorg bites you!
You die...

...........##....# .#*,,W. .....
..[.......##....##...## {..##....
.#...................@.,, ,......
.##.......##....##... #.,,{##....
.##.###....##....##.# ..., #.....
........##..#.##..#.#W.##. ,##..
.######..##....##.....# .. ##...
..........#.##..#T.WW.#..##.#....
#######......##.@.......##.......
#......##..#.##...##.#..##....
#....?..##....##.##....*#..#.#
#.....#..#.##..#.#..##,#..##.#
#.....##....##.....# ...#*#.#
#.....###....#.....#....#* #.#
#.....###..............#####.#
#............................#
#.....###.....##############.#


You could see Snorg (berserk, weak-willed), Josephine (invisible) and 3 wraiths.

Vanquished Creatures
  Pikel (D:6)
  A cyclops (D:11)
  A troll (D:10)
  Grinder (D:3)
  2 dream sheep (D:8)
  2 wraiths
  A wyvern (D:9)
  2 steam dragons
  A water moccasin (D:9)
  An acid dragon (D:8)
  2 ice beasts
  4 orc warriors
  A black bear (D:6)
  3 ogres
  2 phantoms (D:4)
  3 centaurs
  A lemure (D:6)
  5 kobold brigands
  A bullfrog (D:8)
  4 necrophages
  4 wights (D:9)
  8 killer bees (D:8)
  6 howler monkeys
  2 hounds
  2 jellies (D:7)
  Crazy Yiuf (D:6)
  An orc priest (D:5)
  2 iguanas (D:5)
  6 orc wizards
  The ghost of spaghetti the Grave Robber, a weakling GnNe of Ru (D:3)
  A hound skeleton (D:8)
  5 gnolls
  10 adders
  A shadow imp (D:5)
  2 ufetubi (D:6)
  2 worms (D:3)
  2 dart slugs
  25 orcs
  5 bats
  10 endoplasms
  2 giant cockroaches
  3 goblins
  2 hobgoblins
  8 jackals
  24 kobolds
  5 quokkas
  4 ball pythons
  4 frilled lizards
  9 rats
196 creatures vanquished.

Vanquished Creatures (others)
  A butterfly (D:8)
  A fungus (D:9)
  11 plants (D:9)
  2 withered plants (D:3)
15 creatures vanquished.

Grand Total: 211 creatures vanquished

Notes
Turn   | Place    | Note
-------+----------+-------------------------------------------
     0 | D:1      | frimble the Formicid Wanderer began the quest for the Orb.
     0 | D:1      | frimble set off with the following items: a +0 club, a
                  | scroll of vulnerability, a +0 leather armour, a +0 pair of
                  | gloves; and the following spell memorised: Sandblast; and
                  | the following spells available to memorise: Passwall,
                  | Wereblood, Petrify.
     0 | D:1      | Reached XP level 1. HP: 13/13 MP: 3/3
    95 | D:1      | Reached skill level 1 in Fighting
    95 | D:1      | Reached skill level 1 in Short Blades
    95 | D:1      | Reached XP level 2. HP: 14/21 MP: 5/5
   325 | D:1      | Reached XP level 3. HP: 27/27 MP: 6/6
   603 | D:1      | Found a faded altar of an unknown god.
   899 | D:2      | Learned a level 2 spell: Passwall
  1086 | D:2      | Found a hazy altar of Hepliaklqana.
  1111 | D:2      | Reached XP level 4. HP: 34/34 MP: 7/7
  1854 | D:3      | Reached skill level 1 in Evocations
  1949 | D:3      | Reached XP level 5. HP: 33/40 MP: 8/8
  2022 | D:3      | Found a runed translucent door.
  2023 | D:3      | Noticed spaghetti's ghost (weakling GnNe)
  2363 | D:3      | Found a blossoming altar of Fedhas.
  2364 | D:3      | Found a broken altar of Ashenzari.
  2365 | D:3      | Found a basalt altar of Yredelemnul.
  2410 | D:3      | Noticed Grinder
  2429 | D:3      | HP: 2/40 [Grinder (7)]
  2430 | D:3      | Killed Grinder
  2431 | D:3      | Reached skill level 4 in Stealth
  2431 | D:3      | Reached XP level 6. HP: 2/48 MP: 3/9
  2878 | D:3      | Killed spaghetti's ghost
  3083 | D:4      | Reached XP level 7. HP: 48/53 MP: 10/10
  3360 | D:4      | You fall into a shaft and drop 2 floors!
  3488 | D:5      | Entered Level 5 of the Dungeon
  3692 | D:4      | Reached skill level 5 in Stealth
  4003 | D:4      | Reached XP level 8. HP: 51/61 MP: 7/11
  4676 | D:5      | Reached skill level 5 in Fighting
  4904 | D:5      | Reached skill level 6 in Stealth
  5386 | D:6      | Reached skill level 5 in Short Blades
  5422 | D:6      | Reached skill level 5 in Earth Magic
  5574 | D:6      | Found a runed translucent door.
  5575 | D:6      | Noticed Crazy Yiuf
  5728 | D:6      | Found a staircase to the Ecumenical Temple.
  5957 | D:6      | Reached XP level 9. HP: 69/69 MP: 12/12
  5959 | D:6      | Noticed Pikel
  6021 | D:6      | Killed Pikel
  6022 | D:6      | Reached skill level 7 in Stealth
  6444 | D:6      | Killed Crazy Yiuf
  6641 | Temple   | Entered the Ecumenical Temple
  6868 | D:3      | Became a worshipper of Ashenzari the Shackled
  7183 | D:7      | You fall into a shaft and drop 1 floor!
  7470 | D:8      | Reached skill level 8 in Stealth
  7493 | D:8      | You fall into a shaft and drop 3 floors!
  7793 | D:11     | Noticed a cyclops
  7802 | D:11     | Killed a cyclops
  7803 | D:11     | Reached XP level 10. HP: 72/79 MP: 13/13
  7882 | D:10     | Entered Level 10 of the Dungeon
  8180 | D:10     | Reached skill level 9 in Stealth
  8402 | D:9      | Found Wegai's Book Shoppe.
  8415 | D:9      | Found a staircase to the Orcish Mines.
  8429 | D:8      | Reached * piety under Ashenzari
  9129 | D:7      | Found a sparkling altar of Nemelex Xobeh.
  9376 | D:8      | Found a white marble altar of Elyvilon.
  9402 | D:8      | Reached ** piety under Ashenzari
  9501 | D:8      | Learned a level 4 spell: Petrify
  9585 | D:8      | Found a burning altar of Makhleb.
 10120 | D:8      | Noticed a two-headed hydra
 10167 | D:8      | Reached *** piety under Ashenzari
 10369 | D:8      | Reached skill level 10 in Stealth
 10421 | D:8      | Found an ornate altar of the Wu Jian Council.
 10952 | D:9      | Reached skill level 5 in Evocations
 10990 | D:9      | Reached XP level 11. HP: 21/92 MP: 0/16
 10999 | D:9      | You fall into a shaft and drop 2 floors!
 12013 | D:10     | Noticed Snorg
 12019 | D:10     | Noticed Josephine
 12021 | D:10     | Mangled by Snorg

Illustrated notes

Levels and vault maps discovered:
D:1:      minmay_arrival_solitary_statue, layout_loops_ring,
          chequers_ecumenical_altar_grove
D:2:      layout_basic, basic_altar, minmay_misc_feat_nine_boxes,
          grunt_ministairs_7, minmay_misc_feat_square
D:3:      layout_basic, chequers_temple_overflow_statue_of_worship,
          gammafunk_ghost_grave, uniq_grinder
D:4:      layout_loops_ring, nrook_mini_backslash, kennysheep_nondescript
D:5:      layout_rooms
D:6:      layout_basic, minmay_temple_entry_slanted, dreamdust_wishing_well,
          uniq_pikel, uniq_crazy_yiuf_cottage
D:7:      layout_cave_pools, amcnicky_altar_gilded,
          corexii_item_surrounded_by_moat, chequers_garden
D:8:      layout_basic, makhleb_blood_cavern_becter,
          pdpol_wu_jian_five_deadly_venoms, nicolae_elyvilon_peaceful_grove,
          hangedman_ranch
D:9:      layout_loops_ring, tgw_kikubaaqudgha, minmay_lair_entry_grove,
          serial_shops, nicolae_diamond_shop, roderic_serpentine_path,
          kennysheep_small_circle
D:10:     layout_basic, nicolae_wwwww, chequers_serial_rivers_room_a,
          uniq_snorg, uniq_josephine
D:11:     layout_big_octagon, ebering_ghost_reflecting_pool
Temple:   eino_narrow_crystal_temple

Skill      XL: |  1  2  3  4  5  6  7  8  9 10 11 |
---------------+----------------------------------+-----
Fighting       | 1 2 3 4 5 7 8 |  8.8
Short Blades   | 1 2 3 4 5 6 8 |  8.1
Evocations     | 1 2 3 5 |  5.3
Stealth        | 4 5 6 8 10 | 10.3
Earth Magic    | 5 7 |  7.2
Transmutations | 2 3 |  3.2
Armour         | |  1.1
Dodging        | |  1.0
Spellcasting   | |  2.1

Action                   |  1- 3 |  4- 6 |  7- 9 | 10-12 || total
-------------------------+-------+-------+-------+-------++-------
Melee: Dagger            |    83 |   167 |   370 |   365 ||   985
       Punch             |     1 |     1 |     4 |     4 ||    10
 Cast: Sandblast         |       |     6 |    59 |    38 ||   103
       Petrify           |       |       |       |     8 ||     8
Invok: Curse Item        |       |       |       |     5 ||     5
 Abil: Shaft Self        |       |       |     3 |     2 ||     5
       Dig               |       |       |     1 |     1 ||     2
Evoke: Wand              |       |     2 |    14 |    26 ||    42
  Use: Scroll            |       |     4 |     2 |     2 ||     8
       Potion            |       |       |       |     1 ||     1
 Stab: Sleeping          |     5 |     8 |     8 |    10 ||    31
       Distracted        |       |     1 |       |     1 ||     2
       Paralysed         |       |       |     2 |       ||     2
       Petrifying        |       |       |       |     5 ||     5
       Petrified         |       |       |       |     2 ||     2
Armor: Leather armour    |    19 |    50 |   156 |       ||   225
       Steam dragon scal |       |       |       |   102 ||   102
Dodge: Dodged            |    45 |   128 |   363 |   239 ||   775

Table legend: (Time is in decaauts)
 A = Elapsed time spent in this place.
 B = Non-inter-level travel time spent in this place.
 C = Inter-level travel time spent in this place.
 D = Time resting spent in this place.
 E = Time spent auto-exploring this place.
 F = Levels seen in this place.
 G = Mean time per level.
                   A        B        C        D        E       F      G
               +--------+--------+--------+--------+--------+-----+--------+
         Total |  11886 |  11368 |    518 |   1619 |   7596 |  12 |  990.5 |
       Dungeon |  11736 |  11232 |    504 |   1619 |   7466 |  11 | 1066.9 |
        Temple |    149 |    136 |     13 |      0 |    130 |   1 |  149.0 |
               +--------+--------+--------+--------+--------+-----+--------+

Top non-repeatable levels by time:
     D:8: 1844 daAuts
     D:6: 1620 daAuts
     D:3: 1304 daAuts
    D:10: 1288 daAuts
     D:4: 1194 daAuts
     D:5: 1017 daAuts
     D:2: 911 daAuts
     D:1: 871 daAuts
     D:7: 821 daAuts
    D:11: 483 daAuts
     D:9: 377 daAuts
  Temple: 149 daAuts
